 Dungeon Crawl Stone Soup version 0.31.0-12-g77e489cdc1 (webtiles) character file.

Game seed: 5484339231330959520

35 wingedge the Shooter (level 3, 0/27 HPs)
             Began as a Merfolk Hunter on Feb 28, 2024.
             Slain by a goblin
             ... wielding a +0 dagger
              (3 damage)
             ... on level 1 of the Dungeon on Mar 1, 2024.
             The game lasted 00:04:33 (1010 turns).

wingedge the Shooter (Merfolk Hunter)               Turns: 1010, Time: 00:04:34

Health: 0/27       AC:  4    Str: 11    XL:     3   Next: 35%
Magic:  3/3        EV: 12    Int:  8    God:
Gold:   107        SH:  0    Dex: 19    Spells: 2/2 levels left

rFire   . . .        l - +0 whip (flame)
rCold   . . .        (no shield)
rNeg    . . .        c - +0 leather armour
rPois   .            (no helmet)
rElec   +            (no cloak)
rCorr   .            (no gloves)
SInv    .            (no boots)
Will    .....        (no amulet)
Stlth   ++           (no ring)
HPRegen 0.24/turn    (no ring)
MPRegen 0.08/turn

%: no passive effects
@: brilliant
A: (nimble swimmer 2), mertail, shaggy fur 1, electricity resistance
a: no special abilities


You were on level 1 of the Dungeon.
You visited 1 branch of the dungeon, and saw 2 of its levels.

You collected 107 gold pieces.

Inventory:

Hand Weapons
 a - a +0 shortbow
 l - a +0 whip of flaming (weapon)
Missiles
 e - 3 boomerangs
 g - 5 atropa-tipped darts
Armour
 c - a +0 leather armour (worn)
Scrolls
 b - a scroll of butterflies
 d - a scroll of vulnerability {unknown}
 f - a scroll of fear {unknown}
 h - a scroll of blinking {unknown}
 k - a scroll of teleportation {unknown}


   Skills:
 - Level 2.1 Fighting
 + Level 4.2 Ranged Weapons
 - Level 2.6 Dodging
 - Level 1.1 Stealth


You had 2 spell levels left.
You didn't know any spells.
Your spell library contained the following spells:

 Spells                   Type           Power      Damage    Failure   Level
 Blink                    Tloc           0%         N/A       65%         2
 Lesser Beckoning         Tloc           0%         N/A       65%         2
 Momentum Strike          Conj/Tloc      0%         3d8       65%         2


Dungeon Overview and Level Annotations

Branches:
Dungeon (2/15)

Altars:


Innate Abilities, Weirdness & Mutations

((You are very nimble when in or above water. (Stealth+, EV+, Speed+++)))
Your lower body shifts to a powerful aquatic tail in water.
You are covered in fur. (AC +1)
You are resistant to electric shocks. (rElec)


Message History

The goblin closely misses you.
You closely miss the ribbon worm.
The ribbon worm is heavily wounded.
The goblin hits you with a +0 dagger.
The ribbon worm expels a string of sticky webbing.
The stream of webbing hits you but does no damage.
You are caught in a web!
The goblin hits you with a +0 dagger. The ribbon worm barely misses you.
The goblin hits you with a +0 dagger.
You barely miss the ribbon worm.
The ribbon worm is moderately wounded.
The ribbon worm closely misses you. The goblin hits you but does no damage.
You bump into the rock wall.
The goblin closely misses you. The ribbon worm bites you!
You hit the goblin. You burn the goblin.
The goblin is heavily wounded.
You feel less invigorated.
You feel less confused. The goblin barely misses you.
You hit the ribbon worm. You burn the ribbon worm.
The ribbon worm is heavily wounded.
The ribbon worm bites you! The goblin hits you but does no damage.
You hit the ribbon worm but do no damage.
The ribbon worm is heavily wounded.
The ribbon worm expels a string of sticky webbing.
The stream of webbing hits you but does no damage.
You are caught in a web!
The goblin closely misses you. The goblin barely misses you.
The ribbon worm bites you.
You hit the ribbon worm but do no damage.
The ribbon worm is moderately wounded.
The goblin closely misses you. The ribbon worm bites you.
* * * LOW HITPOINT WARNING * * *
You hit the ribbon worm. You burn the ribbon worm.
The ribbon worm is severely wounded.
The goblin hits you with a +0 dagger.
* * * LOW HITPOINT WARNING * * *
The ribbon worm closely misses you.
It was a potion of mutation.
You feel extremely strange.
You feel insulated. Fur sprouts all over your body.
The goblin hits you with a +0 dagger.
You die...

.#.##.#
######......#####.#.#
##.##.# ##...#.#####...#
...##.# #........##..##
#####.# #............# #.#
##.##.##.###.# ###.#####
#.##.##.# #.# # #.......#
#.##.##.# #.# # #.#...#.#
#†##.##.###.# # #.###.#.#
#@##........# ###.###.#.#
#wg###..##### ##...##.#.#
##.#.P.#...# ##.#.##.#.#
#.##...##..# ##.#.##.#.#
##...PP..#.#
...#....#.######.P.....#.#
#######........#P...P..#.#
...#..........#....P.P..##
...#.##.##.####....PP...#


You could see a ribbon worm (catching breath) and a goblin.

Vanquished Creatures
  3 dart slugs (D:1)
  3 ball pythons (D:1)
  2 bats (D:1)
  3 endoplasms (D:1)
  A giant cockroach (D:1)
  2 hobgoblins (D:1)
  2 jackals (D:1)
  3 kobolds (D:1)
  3 quokkas (D:1)
  A frilled lizard (D:1)
  2 rats (D:1)
25 creatures vanquished.

Notes
Turn   | Place    | Note
-------+----------+-------------------------------------------
     0 | D:1      | wingedge the Merfolk Hunter began the quest for the Orb.
     0 | D:1      | Reached XP level 1. HP: 16/16 MP: 1/1
    99 | D:1      | Reached XP level 2. HP: 9/22 MP: 2/2
   569 | D:1      | Found a faded altar of an unknown god.
   584 | D:1      | Reached skill level 4 in Ranged Weapons
   597 | D:1      | Reached XP level 3. HP: 27/27 MP: 3/3
   992 | D:1      | HP: 1/27 [ribbon worm (5)]
  1010 | D:1      | Gained mutation: You are resistant to electric shocks.
                  | (rElec) [potion of mutation]
  1010 | D:1      | Gained mutation: You are covered in fur. (AC +1) [potion of
                  | mutation]
  1010 | D:1      | Slain by a goblin

Illustrated notes

Levels and vault maps discovered:
D:1:      dpeg_arrival_windows_large_door, layout_loops_ring,
          shapermc_ecumenical_altar_gd, dreamdust_wishing_well, minivault_25
D:2:      layout_basic, serial_shops, nicolae_shop_trees, minmay_pentomino_q2,
          uniq_robin, uniq_sigmund, uniq_jessica

Skill      XL: |  1  2 |
---------------+-------+-----
Ranged Weapons | 4 |  4.2
Fighting       | |  2.1
Dodging        | |  2.6
Stealth        | |  1.1

Action                     || total
---------------------------++-------
  Melee: Whip              ||     8
   Fire: Shortbow          ||    94
  Throw: Dart              ||     1
    Use: Potion            ||     3
 Armour: Leather armour    ||    55
  Dodge: Dodged            ||    53
